AoeStats
← Turingsyx

Migration

509191459Analyzed
1v1 RM · 5d ago on Sep 25, 2026· 54m 48s· 2 players
Game mode
Random Map
Map size
132×132
Population
200
Speed
Normal
Resources
Standard
Victory
Conquest
Starting age
Dark Age
Ending age
Imperial Age
RankedLock teamsTeams togetherTeam positionsShared explorationLock speedFull tech treeHidden civsTurbo modeCheats
Victory
Defeat
🇳🇱 Varangians · Netherlands
1407
+15
🇵🇪 Persians · Peru
1380
-15
Turingsyx
8:42 Loom
11:49 Feudal Age
12:10 Fishing Lines
16:29 Castle Age
14:51 Double-Bit Axe
14:49 Horse Collar
17:09 Bow Saw
18:01 Gillnets
18:11 Fletching
19:46 Stone Mining
19:55 Gold Mining
20:59 Wheelbarrow
21:37 Stone Shaft Mining
24:09 Bodkin Arrow
24:30 Heavy Plow
30:42 Imperial Age
28:29 Hand Cart
29:32 Demolition Ship
31:23 Medium Warships
32:04 Conscription
32:49 Husbandry
32:10 Cavalier
35:40 Heavy Warships
36:09 Clinker Construction
37:38 Siphons
37:55 Carvel Hull
37:46 Careening
40:14 Chemistry
40:51 Heavy Camel Rider
42:35 Bloodlines
42:50 Forging
42:45 Scale Barding Armor
43:02 Elite Cannon Galleon
51:52 Man-at-Arms
52:18 Gambesons
54:50 Iron Casting
54:15 Scale Mail Armor
Humanoid 🔰
10:49 Loom
12:55 Feudal Age
14:27 Double-Bit Axe
16:55 Castle Age
15:52 Fletching
16:19 Gold Mining
16:29 Fishing Lines
18:00 Bodkin Arrow
18:30 Gillnets
19:18 Bow Saw
20:01 Ballistics
21:18 Wheelbarrow
25:13 Hand Cart
26:36 Fervor
28:12 Stone Mining
31:39 Horse Collar
32:28 Heavy Plow
35:22 Imperial Age
32:39 Town Watch
35:10 Medium Warships
35:54 Bloodlines
35:44 Husbandry
35:30 Vendel Legacy
36:31 Conscription
36:27 Scale Barding Armor
36:33 Forging
37:30 Crop Rotation
38:19 Two-Man Saw
36:51 Cavalier
37:54 Chain Barding Armor
38:59 Iron Casting
38:02 Elite Longship
39:50 Chemistry
39:52 Bracer
41:57 Plate Barding Armor
43:13 Stone Shaft Mining
43:53 Scale Mail Armor
44:53 Blast Furnace
43:55 Squires
43:41 Gambesons
43:17 Pikeman
45:05 Shipwright
44:57 Clinker Construction
45:23 Chain Mail Armor
45:03 Halberdier
48:25 Plate Mail Armor
51:01 Heated Shot
54:33 Masonry
54:05 Treadmill Crane
Connection lost

Rejoining the realm…

Still unreachable

The connection could not be restored.

Session expired

The server has moved on; the page needs a fresh start.